 Dungeon Crawl Stone Soup version 0.26-b1-32-g5d43845318 (webtiles) character file.

Game seed: 15678688365210833357

10097 Borgoz the Basher (level 11, -3/69 HPs)
             Began as a Gargoyle Gladiator on Jan 10, 2021.
             Slain by a seven-headed hydra (9 damage)
             ... on level 11 of the Dungeon.
             The game lasted 00:17:24 (13326 turns).

Borgoz the Basher (Gargoyle Gladiator)             Turns: 13326, Time: 00:17:25

Health: -3/69      AC: 21    Str: 22    XL:     11   Next: 56%
Magic:  0/16       EV: 16    Int: 16    God:
Gold:   530        SH:  0    Dex: 14    Spells: 11/16 levels left

rFire    . . .     SeeInvis +   x - +0 dire flail
rCold    . . .     Faith    .   (shield currently unavailable)
rNeg     + . .     Spirit   +   y - +1 robe of the Playwright {*Contam Will+ Str+3 Int+8}
rPois    ∞         Reflect  .   p - +2 helmet {SInv}
rElec    +         Harm     .   o - +0 cloak
rCorr    +         Rampage  .   v - +0 pair of gloves
Will     +....                  a - +2 pair of boots
Stlth    ..........             d - amulet of guardian spirit
HPRegen  0.21/turn              I - ring of resist corrosion
MPRegen  0.15/turn              u - ring of attention (curse)

@: mighty
A: negative energy resistance 1, electricity resistance, unbreathing,
petrification resistance, miasma immunity, AC +8
a: no special abilities


You were on level 11 of the Dungeon.
You visited 2 branches of the dungeon, and saw 12 of its levels.

You collected 530 gold pieces.

Inventory:

Hand Weapons
 x - a +0 dire flail (weapon)
Armour
 a - a +2 pair of boots (worn)
 o - a +0 cloak (worn)
 p - a +2 helmet of see invisible (worn)
 v - a +0 pair of gloves (worn)
 y - the +1 robe of the Playwright (worn) {*Contam Will+ Str+3 Int+8}
   (You found it on level 8 of the Dungeon)

   It affects your strength (+3).
   It affects your intelligence (+8).
   It affects your willpower, your defense against some magical effects.
   It causes magical contamination when unequipped.
 z - the +1 hat of Berihu {Will- Str+7 Int+4}
   (You found it on level 8 of the Dungeon)

   It affects your strength (+7).
   It affects your intelligence (+4).
   It affects your willpower, your defense against some magical effects.
Jewellery
 d - an amulet of guardian spirit (around neck)
 g - an uncursed amulet of reflection
 s - an uncursed amulet of regeneration
 u - a cursed ring of attention (right hand)
 E - an uncursed ring of stealth
 I - a ring of resist corrosion (left hand)
Wands
 t - a wand of flame (14)
 w - a wand of paralysis (8)
 A - a wand of iceblast (4)
 H - a wand of random effects (18)
Scrolls
 b - 3 scrolls of immolation {unknown}
 c - 4 scrolls of remove curse {unknown}
 e - 3 scrolls of teleportation
 h - 4 scrolls of amnesia {unknown}
 i - a scroll of enchant weapon {unknown}
 l - a scroll of fog {unknown}
 r - 3 scrolls of enchant armour
 C - a scroll of acquirement {unknown}
 D - a scroll of holy word {unknown}
Potions
 f - 5 potions of curing
 j - a potion of heal wounds
 k - 2 potions of magic
 m - 3 potions of degeneration {unknown}
 n - 2 potions of invisibility {unknown}
 q - 3 potions of lignification {unknown}
 B - 3 potions of mutation
 G - a potion of cancellation {unknown}


   Skills:
 + Level 8.6 Fighting
 + Level 10.6 Maces & Flails
 - Level 1.7 Throwing
 + Level 8.3 Armour
 * Level 7.3 Dodging
 + Level 3.4 Spellcasting
 + Level 3.4 Hexes


You had 11 spell levels left.
You knew the following spells:

 Your Spells              Type           Power        Failure   Level
a - Blink                 Tloc           N/A          26%         2
b - Confusing Touch       Hex            13%          13%         3

Your spell library contained the following spells:

 Spells                   Type           Power        Failure   Level
 Corona                   Hex            14%          4%          1
 Slow                     Hex            13%          6%          2
 Ensorcelled Hibernation  Hex/Ice        16%          13%         2
 Tukima's Dance           Hex            13%          13%         3
 Magic Dart               Conj           8%           19%         1
 Call Imp                 Summ           2%           26%         2
 Dazzling Flash           Conj/Hex       16%          26%         3
 Conjure Flame            Conj/Fire      2%           47%         3
 Mephitic Cloud           Conj/Pois/Air  2%           47%         3


Dungeon Overview and Level Annotations

Branches:
Dungeon (11/15)            Temple (1/1) D:5            Lair (0/6) D:9
    Orc (0/2) D:9

Altars:
Ashenzari
Cheibriados
Dithmenos
Elyvilon
Fedhas
Gozag
Hepliaklqana
Kikubaaqudgha
Makhleb
Nemelex Xobeh
Okawaru
Qazlal
Ru
Sif Muna
Trog
Uskayaw
Vehumet
Wu Jian
Xom
Yredelemnul
Zin
The Shining One

Shops:
D:4 *

Portals:
Trove: D:11 (give 8 potions of haste)


Innate Abilities, Weirdness & Mutations

You are resistant to torment.
Your stone body is resilient. (AC +8)
You are immune to poison.
You resist negative energy. (rN+)
You are resistant to electric shocks. (rElec)
You can survive without breathing.
You are immune to petrification.
You are immune to miasma.


Message History

You thump the seven-headed hydra!
The seven-headed hydra is severely wounded.
You barely miss the seven-headed hydra.
The seven-headed hydra is severely wounded.
The seven-headed hydra misses you.
The seven-headed hydra bites you but does no damage.
The seven-headed hydra bites you!
The seven-headed hydra completely misses you. x2
The seven-headed hydra bites you but does no damage. x2
You puncture the seven-headed hydra!
The seven-headed hydra is almost dead.
The seven-headed hydra bites you!
* * * LOW HITPOINT WARNING * * *
The seven-headed hydra barely misses you.
The seven-headed hydra bites you.
* * * LOW HITPOINT WARNING * * *
The seven-headed hydra bites you.
* * * LOW HITPOINT WARNING * * *
The seven-headed hydra bites you!
You die...

## ... ############## ....
####............. ...cc
#..'.............
....oc##.##.............
....roD@.##.............
....oc#############'#### ####+
###...# #...### #####'########
#............. #.........>..)
####+######## #....^........
#...........#####.............


You could see a seven-headed hydra, a centaur warrior, an orc warrior, 3
centaurs, an orc wizard (fast), an orc and a quokka.

Vanquished Creatures
  Erolcha (D:11)
  Nergalle (D:11)
  An ugly thing (D:11)
  2 cyclopes (D:11)
  Psyche (D:8)
  A troll (D:11)
  Grinder (D:4)
  A vampire (D:11)
  A yak (D:9)
  A wyvern (D:8)
  A basilisk (D:9)
  3 water moccasins
  Duvessa (D:4)
  4 orc warriors
  4 ice beasts
  5 black bears
  5 sky beasts
  An eye of draining (D:9)
  2 phantoms
  A necrophage (D:8)
  4 ogres
  6 centaurs
  Blork the orc (D:4)
  8 bullfrogs
  Dowan (D:4)
  A water moccasin zombie (D:5)
  3 scorpions (D:9)
  9 wights
  4 killer bees (D:9)
  A jelly (D:8)
  5 howler monkeys
  4 electric eels (D:9)
  3 centaur zombies (D:10)
  2 hounds
  5 orc priests
  Crazy Yiuf (D:2)
  6 orc wizards
  2 bullfrog skeletons
  A centaur skeleton (D:5)
  2 iguanas
  A statue (D:6)
  7 worker ants
  A hound zombie (D:5)
  2 hound skeletons
  A howler monkey zombie (D:9)
  6 gnolls
  A worker ant zombie (D:7)
  9 adders
  6 shadow imps
  3 white imps
  An ooze (D:5)
  An adder skeleton (D:9)
  8 leopard geckos
  23 orcs
  3 giant cockroaches
  8 goblins
  7 hobgoblins
  11 jackals
  6 quokkas
  A ball python skeleton (D:4)
  5 bats
  A frilled lizard (D:2)
  5 kobolds
  13 rats
237 creatures vanquished.

Vanquished Creatures (others)
  43 fungi (D:9)
  35 plants (D:9)
78 creatures vanquished.

Grand Total: 315 creatures vanquished

Notes
Turn   | Place    | Note
-------+----------+-------------------------------------------
     0 | D:1      | Borgoz the Gargoyle Gladiator began the quest for the Orb.
     0 | D:1      | Reached XP level 1. HP: 12/12 MP: 1/1
   126 | D:1      | Reached XP level 2. HP: 18/18 MP: 2/2
   525 | D:1      | Reached skill level 1 in Armour
   617 | D:1      | Reached XP level 3. HP: 10/22 MP: 3/3
  1277 | D:2      | Found a runed translucent door.
  1278 | D:2      | Noticed Crazy Yiuf
  1784 | D:2      | Found a broken altar of Ashenzari.
  2445 | D:2      | Reached XP level 4. HP: 14/27 MP: 4/4
  2729 | D:2      | Killed Crazy Yiuf
  2730 | D:2      | Reached skill level 4 in Maces & Flails
  2986 | D:3      | Reached XP level 5. HP: 31/32 MP: 5/5
  3909 | D:4      | Noticed Grinder
  3911 | D:4      | Paralysed by Grinder for 2 turns
  3928 | D:4      | Paralysed by Grinder for 4 turns
  3941 | D:4      | Paralysed by Grinder for 7 turns
  3949 | D:4      | Killed Grinder
  3950 | D:4      | Reached skill level 5 in Maces & Flails
  3950 | D:4      | Reached XP level 6. HP: 13/38 MP: 6/6
  4183 | D:4      | Noticed Blork the orc
  4197 | D:4      | Killed Blork the orc
  4543 | D:4      | Reached XP level 7. HP: 41/43 MP: 7/7
  4768 | D:4      | Found Evelam's Serpentskin Sales.
  4885 | D:4      | Noticed Dowan
  4887 | D:4      | Noticed Duvessa
  4903 | D:4      | Killed Duvessa
  4904 | D:4      | Reached skill level 6 in Maces & Flails
  4918 | D:4      | Killed Dowan
  4919 | D:4      | Reached XP level 8. HP: 23/48 MP: 8/8
  5244 | D:5      | Entered Level 5 of the Dungeon
  5275 | D:5      | Reached skill level 5 in Fighting
  5355 | D:5      | Found a staircase to the Ecumenical Temple.
  5644 | D:5      | Found a hazy altar of Hepliaklqana.
  5916 | D:5      | Reached skill level 7 in Maces & Flails
  6056 | Temple   | Entered the Ecumenical Temple
  6696 | D:6      | Found a hide-covered altar of Uskayaw.
  6743 | D:6      | Found a glowing golden altar of the Shining One.
  6788 | D:6      | Found a broken altar of Ashenzari.
  6799 | D:6      | Got a crude dagger
  6863 | D:6      | Reached skill level 5 in Armour
  7121 | D:6      | Found a shimmering blue altar of Sif Muna.
  7157 | D:6      | Found a sparkling altar of Nemelex Xobeh.
  7237 | D:6      | Found a bloodstained altar of Trog.
  7335 | D:6      | Found a radiant altar of Vehumet.
  7439 | D:7      | Reached XP level 9. HP: 51/55 MP: 9/9
  7860 | D:7      | Reached skill level 8 in Maces & Flails
  7860 | D:7      | Reached skill level 5 in Dodging
  7966 | D:7      | Learned a level 2 spell: Blink
  8290 | D:7      | Found a basalt altar of Yredelemnul.
  9064 | D:8      | Got a sheer robe
  9075 | D:8      | Identified the +1 robe of the Playwright {*Contam Will+
                  | Str+3 Int+8} (You found it on level 8 of the Dungeon)
  9133 | D:8      | Noticed Psyche
  9148 | D:8      | Killed Psyche
  9149 | D:8      | Reached skill level 9 in Maces & Flails
  9470 | D:8      | Reached XP level 10. HP: 25/63 MP: 3/10
  9777 | D:8      | Got a shimmering hat
  9788 | D:8      | Identified the +1 hat of Berihu {Will- Str+7 Int+4} (You
                  | found it on level 8 of the Dungeon)
 10052 | D:8      | Learned a level 3 spell: Confusing Touch
 10550 | D:9      | Reached skill level 1 in Spellcasting
 10550 | D:9      | Reached skill level 1 in Hexes
 10755 | D:9      | Found a staircase to the Lair.
 10949 | D:9      | Reached skill level 10 in Maces & Flails
 11531 | D:9      | Found a staircase to the Orcish Mines.
 11908 | D:10     | Entered Level 10 of the Dungeon
 12177 | D:10     | Reached XP level 11. HP: 68/68 MP: 14/14
 12554 | D:11     | Noticed Nergalle
 12555 | D:11     | Noticed Erolcha
 12594 | D:11     | Killed Nergalle
 12606 | D:11     | Killed Erolcha
 12705 | D:11     | Found a portal to a secret trove of treasure.
 12713 | D:11     | Noticed a cyclops
 12729 | D:11     | Killed a cyclops
 12968 | D:11     | Noticed a cyclops
 12985 | D:11     | Killed a cyclops
 13179 | D:11     | Noticed a purple ugly thing
 13193 | D:11     | Killed a purple ugly thing
 13315 | D:11     | Noticed a seven-headed hydra
 13315 | D:11     | Noticed a centaur warrior
 13326 | D:11     | Slain by a seven-headed hydra

Illustrated notes

Levels and vault maps discovered:
D:1:      dpeg_arrival_signposts, layout_rooms
D:2:      layout_loops_corners, ashenzari_altar_1, uniq_crazy_yiuf_cottage
D:3:      layout_basic
D:4:      layout_loops_cross, guppyfry_shop_venom, uniq_blork_the_orc,
          uniq_duvessa, uniq_grinder
D:5:      layout_basic, nzn_hepliaklqana_mist_gate, temple_pool_b
D:6:      layout_cave_pools, tso_altar, vehumet_statue, lemuel_doored_altar,
          nicolae_overflow_crystal_walls, kennysheep_little_box, basic_altar,
          lemuel_blue_sif_altar
D:7:      layout_layer_cave, kennysheep_mini_moat
D:8:      layout_basic, uniq_psyche
D:9:      layout_long_grid, due_lair_maze_entry_diamond, orc_david_3,
          disabler_island
D:10:     layout_cave_pools
D:11:     layout_roguey, enter_trove_2, uniq_nergalle, uniq_erolcha
Temple:   eino_temple_water

Skill      XL: |  1  2  3  4  5  6  7  8  9 10 11 |
---------------+----------------------------------+-----
Armour         | 1 2 3 5 6 7 8 |  8.3
Fighting       | 3 4 5 7 8 |  8.6
Maces & Flails | 4 5 6 7 9 10 | 10.6
Dodging        | 3 4 5 6 7 |  7.3
Spellcasting   | 2 3 |  3.4
Hexes          | 2 3 |  3.4
Throwing       | |  1.7

Action                   |  1- 3 |  4- 6 |  7- 9 | 10-12 || total
-------------------------+-------+-------+-------+-------++-------
Melee: Flail             |   145 |   147 |   518 |   290 ||  1100
       Dire flail        |       |       |       |   270 ||   270
Throw: Throwing net      |     3 |     1 |     3 |       ||     7
Evoke: Wand              |       |       |       |     7 ||     7
  Use: Scroll            |       |     4 |     3 |     2 ||     9
       Potion            |       |     1 |     1 |     3 ||     5
 Stab: Sleeping          |       |       |     1 |       ||     1
       Held in net/web   |       |       |     1 |       ||     1
       Distracted        |       |       |     1 |       ||     1
Armor: Leather armour    |   105 |    62 |   175 |       ||   342
       Robe              |       |       |    24 |   244 ||   268
Dodge: Dodged            |   209 |    83 |   310 |   471 ||  1073
Block: Other             |       |    32 |   115 |       ||   147
       Reflection        |       |       |     5 |       ||     5
